 Dungeon Crawl Stone Soup version 0.30-a0-867-g305f33218d (webtiles) character file.

Game seed: 15689914472181647837

217 Maxmaps the Ducker (level 5, 0/47 HPs)
             Began as a Gnoll Monk on Mar 11, 2023.
             Slain by an orc wizard
             ... wielding a +0 dagger
              (2 damage)
             ... on level 4 of the Dungeon.
             The game lasted 00:03:09 (2715 turns).

Maxmaps the Ducker (Gnoll Monk)                     Turns: 2715, Time: 00:03:10

Health: 0/47       AC:  8    Str: 10    XL:     5   Next: 94%
Magic:  7/7        EV:  6    Int: 17    God:
Gold:   153        SH:  0    Dex: 15    Spells: 7/7 levels left

rFire   . . .      SeeInvis .    a - +0 falchion
rCold   . . .      Faith    .    (no shield)
rNeg    . . .      Spirit   .    f - +0 chain mail
rPois   .          Reflect  .    (no helmet)
rElec   .          Rampage  .    (no cloak)
rCorr   .                        (no gloves)
Will    .....                    (no boots) Stlth
                                 (no amulet)
HPRegen 0.27/turn                s - +6 ring of intelligence
MPRegen 0.10/turn                (no ring)

@: no status effects
A: fangs 1, strong nose, distributed training
a: no special abilities


You were on level 4 of the Dungeon.
You visited 1 branch of the dungeon, and saw 4 of its levels.

You collected 153 gold pieces.

Inventory:

Hand Weapons
 a - a +0 falchion (weapon)
Armour
 b - a +0 robe
 f - a +0 chain mail (worn)
Jewellery
 p - a ring of fire
 s - a +6 ring of intelligence (left hand)
Scrolls
 e - a scroll of teleportation {unknown}
 i - 2 scrolls of identify {unknown}
 j - a scroll of poison {unknown}
 k - 3 scrolls of enchant weapon {unknown}
 m - a scroll of vulnerability {unknown}
 r - a scroll of blinking {unknown}
 t - a scroll of noise {unknown}
Potions
 c - a potion of ambrosia
 d - a potion of heal wounds {unknown}
 g - 2 potions of attraction {unknown}
 h - 4 potions of curing {unknown}
 l - a potion of berserk rage {unknown}
 n - 2 potions of might {unknown}
 o - a potion of invisibility {unknown}
 q - a potion of resistance {unknown}


   Skills:
 + Level 6.8 Fighting
 + Level 1.8 Short Blades
 + Level 6.8 Long Blades
 + Level 1.8 Axes
 + Level 1.8 Maces & Flails
 + Level 1.8 Polearms
 + Level 1.8 Staves
 + Level 1.8 Ranged Weapons
 + Level 1.8 Throwing
 + Level 1.8 Armour
 + Level 6.8 Dodging
 + Level 4.5 Stealth
 + Level 1.8 Shields
 + Level 1.8 Unarmed Combat
 + Level 1.8 Spellcasting
 + Level 1.4 Conjurations
 + Level 1.4 Hexes
 + Level 1.4 Summonings
 + Level 1.4 Necromancy
 + Level 1.4 Translocations
 + Level 1.4 Transmutations
 + Level 1.4 Fire Magic
 + Level 1.4 Ice Magic
 + Level 1.4 Air Magic
 + Level 1.4 Earth Magic
 + Level 1.4 Poison Magic
 + Level 2.0 Invocations
 + Level 1.8 Evocations


You had 7 spell levels left.
You didn't know any spells.
Your spell library contained the following spells:

 Spells                   Type           Power      Damage    Failure   Level
 Ignite Poison            Fire/Tmut/Pois 6%         N/A       100%        3
 Sticky Flame             Conj/Fire      6%         2d3       100%        4
 Ignition                 Fire           3%         3d4       100%        8


Dungeon Overview and Level Annotations

Branches:
Dungeon (4/15)
 Temple: D:4-7

Altars:
Wu Jian

Shops:
D:2 ?


Innate Abilities, Weirdness & Mutations

You have very sharp teeth.
Your uncanny sense of smell can sniff out nearby items.
Your experience applies equally to all skills.


Message History

No target in view!
No target in view!
No target in view!
No target in view!
No target in view!
You now have 141 gold pieces (gained 19).
You open the door.
There is an open door here.
Found a stone staircase leading down.
You now have 153 gold pieces (gained 12).
An orc comes into view. It is wielding a +0 war axe.
An orc wizard comes into view. It is wielding a +0 dagger.
The orc wizard shouts!
An orc priest comes into view. It is wielding a +0 mace.
An orc comes into view. It is wielding a +0 hand axe.
There are monsters nearby!
The orc shouts!
The orc priest shouts!
The orc hits you but does no damage. The orc attacks as you move away!
The orc hits you with a +0 war axe!
The orc wizard hits you but does no damage.
The orc priest hits you but does no damage.
The orc barely misses you.
The orc wizard attacks as you move away!
The orc wizard completely misses you. The orc hits you but does no damage.
The orc attacks as you move away! The orc hits you with a +0 hand axe.
The orc wizard attacks as you move away!
The orc wizard hits you with a +0 dagger.
The orc priest invokes the aid of Beogh against you.
Beogh smites you! The orc attacks as you move away! The orc barely misses you.
The orc priest mumbles some strange prayers to Beogh against you.
Beogh smites you!
* * * LOW HITPOINT WARNING * * *
A ball python comes into view.
The ball python hisses angrily.
The orc attacks as you move away! The orc hits you with a +0 hand axe.
* * * LOW HITPOINT WARNING * * *
The orc wizard attacks as you move away!
The orc wizard hits you with a +0 dagger.
You die...

..............#
..............#
..............#
..............#
#####...o...###
#.......# #.......#
#..ooo..# #...@...#
#.......# #.......#
###.......#
..........#
..........#
.S.........########+##
....####'###..........
#..(...#..<.......


You could see an orc priest, an orc wizard, 2 orcs and a ball python.

Vanquished Creatures
  A jelly (D:3)
  An orc priest (D:3)
  Jessica (D:2)
  An orc wizard (D:3)
  4 adders
  A worm (D:2)
  5 dart slugs
  6 orcs (D:3)
  6 endoplasms
  4 goblins
  3 hobgoblins
  3 jackals (D:1)
  2 quokkas (D:2)
  6 ball pythons
  3 bats
  4 frilled lizards
  A kobold (D:2)
  7 rats
59 creatures vanquished.

Notes
Turn   | Place    | Note
-------+----------+-------------------------------------------
     0 | D:1      | Maxmaps the Gnoll Monk began the quest for the Orb.
     0 | D:1      | Reached XP level 1. HP: 23/23 MP: 1/1
   122 | D:1      | Found a faded altar of an unknown god.
   149 | D:1      | Reached XP level 2. HP: 26/29 MP: 2/2
   928 | D:2      | Reached XP level 3. HP: 35/35 MP: 2/4
  1047 | D:2      | Reached skill level 1 in Invocations
  1047 | D:2      | Noticed Jessica
  1058 | D:2      | Killed Jessica
  1059 | D:2      | Reached skill level 1 in Short Blades
  1059 | D:2      | Reached skill level 1 in Axes
  1059 | D:2      | Reached skill level 1 in Maces & Flails
  1059 | D:2      | Reached skill level 1 in Polearms
  1059 | D:2      | Reached skill level 1 in Staves
  1059 | D:2      | Reached skill level 1 in Ranged Weapons
  1059 | D:2      | Reached skill level 1 in Throwing
  1059 | D:2      | Reached skill level 1 in Armour
  1059 | D:2      | Reached skill level 1 in Shields
  1059 | D:2      | Reached skill level 1 in Unarmed Combat
  1059 | D:2      | Reached skill level 1 in Spellcasting
  1059 | D:2      | Reached skill level 1 in Evocations
  1059 | D:2      | Reached XP level 4. HP: 9/41 MP: 5/5
  1299 | D:2      | Reached skill level 1 in Conjurations
  1299 | D:2      | Reached skill level 1 in Hexes
  1299 | D:2      | Reached skill level 1 in Summonings
  1299 | D:2      | Reached skill level 1 in Necromancy
  1299 | D:2      | Reached skill level 1 in Translocations
  1299 | D:2      | Reached skill level 1 in Transmutations
  1299 | D:2      | Reached skill level 1 in Fire Magic
  1299 | D:2      | Reached skill level 1 in Ice Magic
  1299 | D:2      | Reached skill level 1 in Air Magic
  1299 | D:2      | Reached skill level 1 in Earth Magic
  1299 | D:2      | Reached skill level 1 in Poison Magic
  1340 | D:2      | Found Soc Hih's Magic Scroll Shoppe.
  1410 | D:2      | Found an ornate altar of the Wu Jian Council.
  1621 | D:3      | Reached XP level 5. HP: 38/47 MP: 7/7
  2715 | D:4      | HP: 2/47 [orc/+0 hand axe (5)]
  2715 | D:4      | Slain by an orc wizard

Illustrated notes

Levels and vault maps discovered:
D:1:      lemuel_arrival_hallway, layout_loops_ring,
          chequers_ecumenical_altar_island
D:2:      layout_rooms, basic_altar, serial_shops, shop, uniq_jessica
D:3:      layout_basic, nicolae_overflow_hidden_temple, nicolae_titane
D:4:      layout_gridville

Skill      XL: |  1  2  3  4  5 |
---------------+----------------+-----
Invocations    | 1 2 |  2.0
Short Blades   | 1 |  1.8
Axes           | 1 |  1.8
Maces & Flails | 1 |  1.8
Polearms       | 1 |  1.8
Staves         | 1 |  1.8
Ranged Weapons | 1 |  1.8
Throwing       | 1 |  1.8
Armour         | 1 |  1.8
Shields        | 1 |  1.8
Unarmed Combat | 1 |  1.8
Spellcasting   | 1 |  1.8
Evocations     | 1 |  1.8
Conjurations   | 1 |  1.4
Hexes          | 1 |  1.4
Summonings     | 1 |  1.4
Necromancy     | 1 |  1.4
Translocations | 1 |  1.4
Transmutations | 1 |  1.4
Fire Magic     | 1 |  1.4
Ice Magic      | 1 |  1.4
Air Magic      | 1 |  1.4
Earth Magic    | 1 |  1.4
Poison Magic   | 1 |  1.4
Fighting       | |  6.8
Long Blades    | |  6.8
Dodging        | |  6.8
Stealth        | |  4.5

Action                     |  1- 3 |  4- 6 || total
---------------------------+-------+-------++-------
  Melee: Falchion          |    60 |   129 ||   189
         Bite              |     6 |    11 ||    17
   Stab: Sleeping          |     1 |       ||     1
 Armour: Robe              |     7 |       ||     7
         Chain mail        |    15 |    66 ||    81
  Dodge: Dodged            |    27 |    35 ||    62

Table legend: (Time is in decaauts)
 A = Elapsed time spent in this place.
 B = Non-inter-level travel time spent in this place.
 C = Inter-level travel time spent in this place.
 D = Time resting spent in this place.
 E = Time spent auto-exploring this place.
 F = Levels seen in this place.
 G = Mean time per level.
                   A        B        C        D        E       F      G
               +--------+--------+--------+--------+--------+-----+--------+
         Total |   2716 |   2650 |     66 |    270 |   1957 |   4 |  679.0 |
       Dungeon |   2716 |   2650 |     66 |    270 |   1957 |   4 |  679.0 |
               +--------+--------+--------+--------+--------+-----+--------+

Top non-repeatable levels by time:
     D:3: 1225 daAuts
     D:1: 914 daAuts
     D:2: 532 daAuts
     D:4: 44 daAuts
